 Dungeon Crawl Stone Soup version 0.23-a0-164-g7711e57 (webtiles) character file.

10132 Amnesiac the Destroyer (level 11, -2/70 HPs)
             Began as a Mummy Ice Elementalist on Sept 10, 2018.
             Was a Follower of Vehumet.
             Slain by an ice dragon (13 damage)
             ... in an ice cave.
             The game lasted 00:24:58 (13890 turns).

Amnesiac the Destroyer (Mummy Ice Elementalist)    Turns: 13890, Time: 00:24:59

Health: -2/70      AC: 12    Str: 12    XL:     11   Next: 32%
Magic:  0/24       EV: 11    Int: 18    God:    Vehumet [*.....]
Gold:   653        SH:  0    Dex: 12    Spells: 17/29 levels left

rFire    . . .     SeeInvis .   w - +4 morningstar (freeze)
rCold    + + .     Gourm    .   (no shield)
rNeg     + + +     Faith    .   m - +3 leather armour {rF+}
rPois    ∞         Spirit   +   (no helmet)
rElec    .         Reflect  .   k - +2 cloak
rCorr    .         Harm     .   (no gloves)
MR       +....                  n - +2 pair of boots
Stlth    +.........             e - amulet of guardian spirit
HPRegen  0.21/turn              p - ring of protection from cold
MPRegen  0.19/turn              s - +4 ring of slaying

@: about to teleport
A: no food or potions, fire vulnerability, cold resistance 1, negative energy
resistance 3, torment resistance, unbreathing
a: Renounce Religion


You were in an ice cave.
You worshipped Vehumet.
Vehumet was aware of your devotion.
You were not hungry.

You visited 2 branches of the dungeon, and saw 12 of its levels.
You also visited: Ice Cave.

You collected 653 gold pieces.

Inventory:

Hand Weapons
 w - a +4 morningstar of freezing (weapon)
Armour
 k - a +2 cloak (worn)
 m - a +3 leather armour of fire resistance (worn)
 n - a +2 pair of boots (worn)
Jewellery
 b - an uncursed ring of stealth
 e - an amulet of guardian spirit (around neck)
 p - a ring of protection from cold (left hand)
 s - a +4 ring of slaying (right hand)
 v - a +4 ring of dexterity
Wands
 g - a wand of polymorph (21)
 j - a wand of random effects (10)
 o - a wand of iceblast (21)
 u - a wand of flame (14)
 z - a wand of digging (14)
Scrolls
 a - a scroll of blinking {!r}
 c - a scroll of enchant armour {!r}
 d - 3 scrolls of magic mapping {!r}
 h - 2 scrolls of teleportation {!r}
 i - a scroll of fog {!r}
 r - 3 scrolls of remove curse {!r}
 y - a scroll of amnesia {!r}
 A - a scroll of noise {!r}


   Skills:
 - Level 1.2 Fighting
 - Level 1.5 Dodging
 - Level 1.5 Stealth
 + Level 9.7 Spellcasting
 * Level 9.8 Conjurations
 * Level 9.8 Ice Magic


You had 17 spell levels left.
You knew the following spells:

 Your Spells              Type           Power        Failure   Level  Hunger
a - Throw Icicle          Conj/Ice       #####...     1%          4    N/A
b - Summon Ice Beast      Ice/Summ       ####....     14%         4    N/A
d - Freeze                Ice            ####         1%          1    N/A
z - Ozocubu's Armour      Chrm/Ice       ####....     4%          3    N/A

Your spell library contained the following spells:

 Spells                   Type           Power        Failure   Level  Hunger
 Shock                    Conj/Air       ####         1%          1    N/A
 Throw Frost              Conj/Ice       #####.       1%          2    N/A
 Sticks to Snakes         Tmut           #.......     16%         2    N/A
 Beastly Appendage        Tmut           Unusable     N/A         1    N/A
 Ice Form                 Ice/Tmut       Unusable     N/A         4    N/A
 Spider Form              Tmut/Pois      Unusable     N/A         3    N/A
 Blade Hands              Tmut           Unusable     N/A         5    N/A

Dungeon Overview and Level Annotations

Branches:
Dungeon (11/15)            Temple (1/1) D:6            Lair (0/6) D:10
    Orc: D:9-12

Altars:
Ashenzari
Elyvilon
Kikubaaqudgha
Nemelex Xobeh
Okawaru
Ru
Sif Muna
Trog
Uskayaw
Vehumet
Xom
Yredelemnul
Zin
The Shining One

Shops:
D:9 (   D:10 ?

Portals:
Trove: D:10 (give +8 demon blade)


Innate Abilities, Weirdness & Mutations

You do not eat or drink.
Your flesh is vulnerable to fire.
You are immune to poison.
Your flesh is cold resistant. (rC+)
You are immune to negative energy. (rN+++)
You are immune to unholy pain and torment.
You can survive without breathing.


Message History

Press: ? - help, Shift-Dir - straight line, f/p - ice dragon
Aim: an ice dragon (moderately wounded, catching its breath)
The shard of ice hits the ice dragon.
The ice dragon partially resists.
The ice dragon is heavily wounded.
Casting: Throw Icicle (safe; 1% risk of failure)
Confirm with . or Enter, or press ? or * to list all spells.
Aiming: Throw Icicle (safe; 1% risk of failure)
Press: ? - help, Shift-Dir - straight line, f/p - ice dragon
Aim: an ice dragon (heavily wounded, catching its breath)
The shard of ice hits the ice dragon.
The ice dragon partially resists.
The ice dragon is heavily wounded.
The ice dragon breathes frost at you. The blast of cold hits you! You resist.
Casting: Throw Icicle (safe; 1% risk of failure)
Confirm with . or Enter, or press ? or * to list all spells.
You don't have enough magic to cast that spell.
You closely miss the ice dragon.
The ice dragon is heavily wounded.
The ice dragon barely misses you.
The ice dragon claws you but does no damage.
The ice dragon barely misses you. The ice dragon bites you.
The ice dragon claws you. The ice dragon barely misses you.
Put on which piece of jewellery? (? for menu, Esc to quit)
Okay, then.
Unknown command.
You barely miss the ice dragon.
The ice dragon is heavily wounded.
The ice dragon breathes frost at you. The blast of cold hits you! You resist.
Okay, then.
Evoke which item? (* to show all) (? for menu, Esc to quit)
Okay, then.
The ice dragon breathes frost at you. The blast of cold hits you! You resist.
Evoke which item? (* to show all) (? for menu, Esc to quit)
You don't have any such object.
Evoke which item? (* to show all) (? for menu, Esc to quit)
Okay, then.
Evoke which item? (* to show all) (? for menu, Esc to quit)
Aiming: Random Effects
Press: ? - help, Shift-Dir - straight line, f/p - ice dragon
Aim: an ice dragon (heavily wounded, catching its breath)
The mass of ice explodes!
The iceblast engulfs the ice dragon.
The ice dragon partially resists.
The ice dragon is heavily wounded.
The ice dragon breathes frost at you. The blast of cold hits you! You resist.
* * * LOW HITPOINT WARNING * * *
Evoke which item? (* to show all) (? for menu, Esc to quit)
Aiming: Random Effects
Press: ? - help, Shift-Dir - straight line, f/p - ice dragon
Aim: an ice dragon (heavily wounded, catching its breath)
The fireball explodes!
The fireball engulfs the ice dragon.
The ice dragon is burned terribly!
The ice dragon is heavily wounded.
The fireball engulfs you!
* * * LOW HITPOINT WARNING * * *
The ice dragon breathes frost at you. The blast of cold hits you! You resist.
* * * LOW HITPOINT WARNING * * *
Really read
h - 3 scrolls of teleportation {!r}?
As you read the scroll of teleportation {!r}, it crumbles to dust.
You feel strangely unstable. The ice dragon bites you!
You die...

#...# ##.
#..##### #..
##.#...## ##.#
#...#..# #.##
#..##.## #..#
##.#..# ##.#
###.### ##..
#.D.## ##..#
###@.## #..##
##..## ##.##
##..# ##..#
#..# ##..###
#..# #.....#
##.# ##.....##
#.## #.......#
#..# ##........
##.###........#


You could see an ice dragon.

Vanquished Creatures
  An ice dragon (IceCv)
  The ghost of derval the Insei, a novice GnTm of Cheibriados (D:7)
  Pikel (D:7)
  2 ice statues (IceCv)
  4 rime drakes
  A troll (D:9)
  A slime creature (D:7)
  A hornet (D:9)
  2 hippogriffs
  Grinder (D:2)
  A dream sheep (shapeshifter) (D:7)
  A vampire (D:10)
  A hungry ghost (D:10)
  Grum (D:9)
  A steam dragon (D:9)
  2 slaves (D:7)
  An orc warrior (D:4)
  15 ice beasts
  A sky beast (D:6)
  2 phantoms
  4 ogres
  3 wolves
  2 centaurs
  5 bullfrogs
  A wyvern zombie (D:9)
  2 scorpions
  5 wights (D:6)
  2 killer bees (D:9)
  The ghost of WinstonMain the Gusty, a weakling DrAE (D:3)
  5 crimson imps
  2 quasits (D:3)
  6 hounds
  A jelly (D:6)
  Crazy Yiuf (D:3)
  2 bullfrog skeletons
  2 orc priests
  6 orc wizards
  4 centaur skeletons
  Jessica (D:3)
  An iguana (D:5)
  Ijyb (D:4)
  5 worker ants
  A hound zombie (D:5)
  A howler monkey zombie (D:9)
  2 worker ant zombies
  12 adders
  A shadow imp (D:6)
  4 oozes
  An adder skeleton (D:4)
  4 worms
  A dart slug (D:1)
  11 leopard geckos
  25 orcs
  8 bats
  5 giant cockroaches
  8 goblins
  17 hobgoblins
  7 jackals
  3 ball pythons
  A ball python skeleton (D:5)
  7 frilled lizards
  2 gnoll zombies (D:3)
  A jackal zombie (D:6)
  7 kobolds
  A leopard gecko skeleton (D:9)
  A leopard gecko zombie (D:7)
  10 rats
244 creatures vanquished.

Vanquished Creatures (others)
  A slave (D:7)
1 creature vanquished.

Grand Total: 245 creatures vanquished

Notes
Turn   | Place    | Note
-------+----------+-------------------------------------------
     0 | D:1      | Amnesiac the Mummy Ice Elementalist began the quest for the
                  | Orb.
     0 | D:1      | Reached XP level 1. HP: 13/13 MP: 4/4
   200 | D:1      | Reached XP level 2. HP: 17/19 MP: 0/5
  1242 | D:2      | Reached XP level 3. HP: 24/24 MP: 3/7
  1247 | D:2      | Learned a level 3 spell: Ozocubu's Armour
  1458 | D:3      | Found a faded altar of an unknown god.
  1525 | D:4      | Noticed an orc warrior
  1868 | D:3      | Reached XP level 4. HP: 20/30 MP: 3/9
  1876 | D:3      | Learned a level 4 spell: Throw Icicle
  1919 | D:3      | Noticed Jessica
  1934 | D:3      | Killed Jessica
  2050 | D:3      | Found a transporter.
  2062 | D:3      | Noticed WinstonMain's ghost (weakling DrAE)
  2090 | D:3      | Found a transporter.
  2121 | D:3      | Found a runed door.
  2126 | D:3      | Noticed Crazy Yiuf
  2135 | D:3      | Killed Crazy Yiuf
  2135 | D:3      | Reached XP level 5. HP: 24/35 MP: 3/11
  2260 | D:3      | Noticed Grinder
  2260 | D:3      | Paralysed by Grinder for 4 turns
  2272 | D:3      | Paralysed by Grinder for 5 turns
  3076 | D:4      | Reached XP level 6. HP: 35/41 MP: 1/13
  3083 | D:4      | Reached skill level 5 in Ice Magic
  3179 | D:4      | Noticed Ijyb
  3181 | D:4      | Found an iron altar of Okawaru.
  3211 | D:4      | Killed Ijyb
  3211 | D:4      | Reached skill level 5 in Spellcasting
  3830 | D:4      | Killed an orc warrior
  3830 | D:4      | Reached XP level 7. HP: 46/46 MP: 15/15
  3976 | D:5      | Entered Level 5 of the Dungeon
  4122 | D:5      | Reached skill level 1 in Conjurations
  4633 | D:5      | Reached XP level 8. HP: 52/52 MP: 13/17
  5609 | D:6      | Reached skill level 5 in Conjurations
  5807 | D:6      | Found a staircase to the Ecumenical Temple.
  5817 | Temple   | Entered the Ecumenical Temple
  5823 | Temple   | Became a worshipper of Vehumet
  5840 | D:6      | Found a bloodstained altar of Trog.
  6185 | D:2      | Killed Grinder
  6704 | D:3      | Found a sparkling altar of Nemelex Xobeh.
  6758 | D:3      | Found a basalt altar of Yredelemnul.
  6874 | D:3      | Killed WinstonMain's ghost
  7095 | D:6      | Reached XP level 9. HP: 57/57 MP: 1/19
  7878 | D:7      | Noticed Harold
  8050 | D:7      | Noticed Harold
  8050 | D:7      | Harold changed into Harold the glowing shapeshifter
  8051 | D:7      | Noticed Harold
  8051 | D:7      | Harold the glowing shapeshifter changed into Harold the
                  | water nymph
  8195 | D:7      | Noticed Harold
  8195 | D:7      | Harold the water nymph changed into Harold the merfolk
  8199 | D:7      | Noticed Harold
  8199 | D:7      | Harold the merfolk changed into Harold the dream sheep
  8202 | D:7      | Killed Harold the dream sheep
  8216 | D:7      | Noticed Pikel
  8236 | D:7      | Killed Pikel
  8236 | D:7      | Reached skill level 1 in Fighting
  8373 | D:7      | Found a runed door.
  8373 | D:7      | Noticed derval's ghost (novice GnTm)
  8389 | D:7      | Reached * piety under Vehumet
  8389 | D:7      | Offered knowledge of Sting by Vehumet.
  8436 | D:7      | Learned a level 4 spell: Summon Ice Beast
  8989 | D:7      | Killed derval's ghost
  9192 | D:8      | Found a white marble altar of Elyvilon.
  9214 | D:8      | Reached XP level 10. HP: 65/65 MP: 12/21
  9363 | D:8      | Found a shattered altar of Ashenzari.
  9619 | D:9      | Noticed Grum
 10203 | D:9      | Found Fusosufi's Antique Weapon Emporium.
 10326 | D:9      | Killed Grum
 10388 | D:10     | Entered Level 10 of the Dungeon
 10470 | D:10     | Found a staircase to the Lair.
 10789 | D:10     | Found Doatz's Magic Scroll Boutique.
 10918 | D:10     | Found a portal to a secret trove of treasure.
 11445 | D:11     | Found a frozen archway.
 11480 | IceCv    | Entered an ice cave
 11812 | IceCv    | Reached XP level 11. HP: 23/70 MP: 2/24
 12271 | IceCv    | Reached ** piety under Vehumet
 12271 | IceCv    | Offered knowledge of Shock by Vehumet.
 13508 | IceCv    | Noticed an ice dragon
 13541 | IceCv    | Killed an ice dragon
 13867 | IceCv    | Noticed an ice dragon
 13890 | IceCv    | Slain by an ice dragon

Vault maps used:
D:1:      dpeg_arrival_oval
D:2:      first_ration, minmay_misc_feat_plants, kennysheep_cross_bottleneck,
          serial_bayou_pond_c, minmay_pentomino_o2
D:3:      lemuel_zombie_altar_yredelemnul, gammafunk_ghost_stat_death,
          chequers_ecumenical_altar_simple, st_stairs_12,
          nemelex_diamond_rough_becter, uniq_jessica, uniq_crazy_yiuf_cottage,
          uniq_grinder
D:4:      lemuel_coloured_pillars_altar, st_stairs_9, grunt_decor_mini_mirrors,
          uniq_ijyb
D:6:      minmay_temple_entry_glassed_door, trog_hazing_becter
D:7:      ebering_ghost_inner_flame, uniq_harold, uniq_pikel
D:8:      old_standard_altar, ashenzari_conservatory_becter
D:9:      serial_shops, shop, uniq_grum
D:10:     lair_entry_dummy, trove_entry_hex_spiral, serial_shops,
          nicolae_shop_temple_entry_statues_fountains
D:11:     erik_orc_4, portal_ice_cave_rime, grunt_pizzeria
Temple:   eino_narrow_crystal_temple
IceCv:    ice_cave_small_dragons

Skill      XL: |  1  2  3  4  5  6  7  8  9 10 |
---------------+-------------------------------+-----
Ice Magic      | 3 4 5 6 7 9 |  9.8
Spellcasting   | 3 4 5 6 7 9 |  9.7
Conjurations   | 3 6 7 9 |  9.8
Fighting       | 1 |  1.2
Dodging        | |  1.5
Stealth        | |  1.5

Action                   |  1- 3 |  4- 6 |  7- 9 | 10-12 || total
-------------------------+-------+-------+-------+-------++-------
Melee: Unarmed           |     8 |       |       |       ||     8
       War axe           |     9 |     1 |       |       ||    10
       Quarterstaff      |       |    23 |    94 |     2 ||   119
       Morningstar       |       |       |       |    75 ||    75
 Cast: Freeze            |    72 |    79 |   136 |     7 ||   294
       Ozocubu's Armour  |       |     1 |       |       ||     1
       Throw Icicle      |       |       |    59 |   151 ||   210
Evoke: Wand              |       |     3 |     3 |    20 ||    26
  Use: Scroll            |     2 |     3 |     8 |     9 ||    22
 Stab: Confused          |       |       |     1 |       ||     1
Armor: Robe              |    19 |    17 |       |       ||    36
       Leather armour    |       |     5 |   107 |    87 ||   199
Dodge: Dodged            |    48 |    46 |   142 |    99 ||   335

Table legend:
 A = Non-vault XP
 B = Vault XP
 C = Vault XP percentage of total XP
 D = Non-vault monster count
 E = Vault monster count
 F = Vault count percentage of total count
                 A         B        C        D         E       F
            +---------+---------+-------+---------+---------+-------
      Total |    6301 |    8174 |  56.5 |     193 |      49 |  20.2
            +---------+---------+-------+---------+---------+-------
        D:1 |      37 |       0 |   0.0 |      21 |       0 |   0.0
        D:2 |      59 |     266 |  81.8 |      22 |       3 |  12.0
        D:3 |     130 |     198 |  60.4 |      22 |      10 |  31.2
        D:4 |     591 |      36 |   5.7 |      23 |       1 |   4.2
        D:5 |     746 |       0 |   0.0 |      36 |       0 |   0.0
        D:6 |     997 |      12 |   1.2 |      19 |       6 |  24.0
        D:7 |     361 |    1910 |  84.1 |      13 |       4 |  23.5
        D:8 |     325 |     111 |  25.5 |       6 |       1 |  14.3
        D:9 |    1355 |     419 |  23.6 |      14 |       3 |  17.6
       D:10 |    1700 |       0 |   0.0 |      17 |       0 |   0.0
       D:11 |       0 |     758 | 100.0 |       0 |       2 | 100.0
      IceCv |       0 |    4464 | 100.0 |       0 |      19 | 100.0
            +---------+---------+-------+---------+---------+-------
